 Dungeon Crawl Stone Soup version 0.23-a0-396-g5214e5f (webtiles) character file.

230 Firecrotchwizard the Shield-Bearer (level 5, -8/49 HPs)
             Began as a Deep Dwarf Fighter on Nov 3, 2018.
             Mangled by Pikel
             ... wielding a +1 whip of electrocution
              (15 damage)
             ... on level 4 of the Dungeon.
             The game lasted 00:06:25 (3283 turns).

Firecrotchwizard the Shield-Bearer (DDFi)           Turns: 3283, Time: 00:06:26

Health: -8/49      AC:  6    Str: 20    XL:     5   Next: 72%
Magic:  3/3        EV:  7    Int:  9    God:
Gold:   209        SH: 10    Dex: 12    Spells: 4/4 levels left

rFire    x . .     SeeInvis .   y - +1 hand axe (chop)
rCold    + . .     Gourm    .   c - +0 shield
rNeg     . . .     Faith    .   b - +0 scale mail
rPois    +         Spirit   .   (no helmet)
rElec    .         Reflect  .   (no cloak)
rCorr    .         Harm     .   (no gloves)
MR       .....                  (no boots)
Stlth    ..........             (no amulet)
HPRegen  0.00/turn              o - ring of ice {rC+, rF-}
MPRegen  0.08/turn              q - ring of poison resistance {rPois, !d}

@: non-regenerating
A: damage resistance, heal wounds, sense surroundings 1, no regeneration
a: Heal Wounds


You were on level 4 of the Dungeon.
You were not hungry.

You visited 1 branch of the dungeon, and saw 4 of its levels.

You collected 209 gold pieces.

Inventory:

Hand Weapons
 a - a +0 war axe
 y - a +1 hand axe of chopping (weapon)
   (You took it off an orc on level 3 of the Dungeon)
Missiles
 z - 2 throwing nets {=f, !d}
Armour
 b - a +0 scale mail (worn)
 c - a +0 shield (worn)
 r - a +0 helmet
   (You took it off Robin on level 2 of the Dungeon)
Jewellery
 o - a ring of ice (left hand) {rC+, rF-}
   (You found it on level 1 of the Dungeon)
 q - a ring of poison resistance (right hand) {rPois, !d}
   (You found it on level 1 of the Dungeon)
Scrolls
 e - a scroll of fog {unknown}
 h - a scroll of remove curse
 i - a scroll of enchant weapon {unknown}
 s - a scroll of random uselessness {unknown}
 x - a scroll of magic mapping {unknown}
Potions
 d - 2 potions of might
 k - a potion of curing
 l - a potion of haste {unknown}
 m - 3 potions of heal wounds {unknown}
 n - 2 potions of flight
 t - a potion of lignification {unknown}
 u - a potion of brilliance {unknown}
 w - a potion of magic {unknown}
Comestibles
 f - 7 rations


   Skills:
 + Level 3.5 Fighting
 * Level 4.5 Axes
 - Level 3.2 Armour
 * Level 5.1 Shields


You had 4 spell levels left.
You didn't know any spells.
Your spell library contained the following spells:

 Spells                   Type           Power        Failure   Level  Hunger
 Beastly Appendage        Tmut           #.....       99%         1    ##.....
 Sticks to Snakes         Tmut           #.......     99%         2    ###....
 Spider Form              Tmut/Pois      #.........   100%        3    ####...
 Ice Form                 Ice/Tmut       #.......     100%        4    #####..
 Blade Hands              Tmut           #.........   100%        5    ######.


Dungeon Overview and Level Annotations

Branches:
Dungeon (4/15)
 Temple: D:4-7

Altars:
Elyvilon
Fedhas
Nemelex Xobeh
Okawaru
Xom
Yredelemnul

Annotations:
D:4 Pikel, Sigmund


Innate Abilities, Weirdness & Mutations

You are resistant to damage.
You can heal yourself by infusing magical energy.
You passively map a small area around you.
You do not regenerate.


Message History

You closely miss the orc wizard. You closely miss the orc.
You block the orc's attack.
The orc wizard hits you with a +0 dagger.
You block the orc's attack.
You closely miss the orc wizard. You barely miss the orc.
The orc wizard hits you but does no damage.
The orc hits you but does no damage.
You closely miss the orc wizard. You closely miss the orc.
You block the orc wizard's attack. The orc barely misses you.
You hit the orc wizard.
You kill the orc wizard!
You hit the orc but do no damage. The orc barely misses you. The orc hits you.
Things that are here:
a +0 dagger; a +0 robe You are feeling hungry.
You slash the orc!
You kill the orc!
You see here a +0 scale mail.
d - 2 potions of might (gained 1)
There isn't anything here!
You see here a +0 scale mail.
Things that are here:
a +0 dagger; a +0 robe There isn't anything to butcher here.
There is a stone staircase leading up, spattered with blood here.
Your magical essence is drained by the effort!
You feel much better.
Health restored: 49 You now have 3/3 mp.
You start waiting.
Eating one of 4 chunks of flesh {@w0}.
You eat one of the 4 chunks of flesh {@w0}.
All of the chunks of flesh in your inventory have rotted away.
Done waiting.
You see here a +0 whip.
You now have 209 gold pieces (gained 15).
A frilled lizard and 2 slaves come into view.
The slave shouts!
The frilled lizard hisses angrily.
You hear a shout! x2
The slave moves out of view.
Pikel the Slaver comes into view.
He is wielding a +1 whip of electrocution.
Pikel moves out of view.
An adder skeleton comes into view.
You hit the slave. You closely miss the adder skeleton.
You block the slave's attack. You block the adder skeleton's attack.
You miss the slave. You hit the adder skeleton.
The slave hits you but does no damage. The adder skeleton barely misses you.
You hit the slave. You hit the adder skeleton. The slave barely misses you.
The adder skeleton bites you. The slave hits you.
You closely miss the slave. You hit the adder skeleton.
You destroy the adder skeleton!
A slave comes into view.
The frilled lizard hisses.
You block the slave's attack.
You barely miss the slave.
A slave comes into view.
You block the slave's attack.
You closely miss the slave.
Pikel drinks a potion.
Pikel suddenly seems more resistant.
The slave hits you.
You take 4 damage, and have 45/49 hp.
You hit the slave but do no damage. The slave hits you.
You take 4 damage, and have 41/49 hp.
You miss the slave. The slave hits you. x2
You take 3 damage, and have 38/49 hp.
You hit the slave. You block the slave's attack.
You hit the slave. The slave hits you!
You take 4 damage, and have 34/49 hp.
You barely miss the slave. The slave hits you.
You hit the slave. The slave hits you but does no damage.
You closely miss the slave. You block the slave's attack.
Pikel says, "I'm sure they'll be treated well, anyway."
You slash the slave!
You kill the slave!
That felt strangely unrewarding.
You closely miss the frilled lizard. The frilled lizard barely misses you.
You hit the frilled lizard.
You kill the frilled lizard!
You hit Pikel. Pikel barely misses you.
You barely miss Pikel.
Pikel hits you with a +1 whip of electrocution.
You take 2 damage, and have 32/49 hp.
Your shield and scale mail prevent you from hitting Pikel.
Pikel hits you with a +1 whip of electrocution.
You take 4 damage, and have 28/49 hp.
You closely miss Pikel. Pikel waves his whip at you.
Pikel hits you with a +1 whip of electrocution.
You block Pikel's attack.
You hit Pikel but do no damage.
Pikel says, "You'll feel the lick of my whip!"
Pikel hits you with a +1 whip of electrocution.
You are electrocuted!
* * * LOW HITPOINT WARNING * * *
You take 21 damage, and have 7/49 hp.
MASSIVE DAMAGE!!
You closely miss Pikel. You block Pikel's attack.
You hit Pikel but do no damage.
Pikel hits you with a +1 whip of electrocution.
You are electrocuted!
You die...

, ...######
♣.......# *
♣♣..#*#@# ,
....##K# ,
♣...#p# *♣♣..#p#
♣....p#########
♣...♣...#........
, ♣♣, ♣♣.....#* ,
♣...##l# , * *
♣..#..#*.#


You could see Pikel and 3 slaves.

Vanquished Creatures
  A slave (D:4)
  2 orc wizards
  Robin (D:2)
  6 adders
  An ooze (D:2)
  2 adder skeletons
  3 dart slugs
  2 leopard geckos
  11 orcs
  5 giant cockroaches
  16 goblins
  3 hobgoblins (D:2)
  12 jackals
  3 kobolds
  A quokka (D:2)
  3 bats
  4 frilled lizards
  2 gnoll zombies (D:3)
  A quokka skeleton (D:4)
  7 rats
86 creatures vanquished.

Notes
Turn   | Place    | Note
-------+----------+-------------------------------------------
     0 | D:1      | Firecrotchwizard the Deep Dwarf Fighter began the quest for
                  | the Orb.
     0 | D:1      | Reached XP level 1. HP: 20/20 MP: 1/1
   106 | D:1      | Reached XP level 2. HP: 24/27 MP: 2/2
   108 | D:1      | meem: I am meem, an upgrade of beem built by MalcolmRose
                  | (check out Malcolm's DCSS vids and other projects at
                  | http://youtube.com/malcolmrosegaming). To have me follow
                  | you in your games, type !subscribemeem - to make me go away
                  | forever, type !quitmeem - For help, type: !meem
   569 | D:2      | Reached skill level 3 in Fighting
   582 | D:2      | Reached XP level 3. HP: 34/34 MP: 3/3
   591 | D:2      | Reached skill level 3 in Axes
   639 | D:2      | Noticed Robin
   668 | D:2      | Reached skill level 4 in Shields
   680 | D:2      | Killed Robin
   750 | D:2      | Reached XP level 4. HP: 37/42 MP: 4/4
  1253 | D:2      | Found an iron altar of Okawaru.
  1852 | D:2      | Found a blossoming altar of Fedhas.
  2079 | D:3      | Reached skill level 4 in Axes
  2082 | D:3      | Reached XP level 5. HP: 43/49 MP: 4/4
  2127 | D:3      | HP: 11/49 [something/puff of flame (7)]
  2136 | D:3      | HP: 4/49 [something/magic dart (3)]
  2309 | D:3      | Found a basalt altar of Yredelemnul.
  2543 | D:3      | Found a sparkling altar of Nemelex Xobeh.
  2726 | D:3      | Found a shimmering altar of Xom.
  2728 | D:3      | Found a white marble altar of Elyvilon.
  3085 | D:4      | Noticed Sigmund
  3093 | D:4      | Reached skill level 5 in Shields
  3253 | D:4      | Noticed a slave
  3253 | D:4      | Noticed a slave
  3254 | D:4      | Noticed Pikel
  3264 | D:4      | Noticed a slave
  3265 | D:4      | Noticed a slave
  3274 | D:4      | Killed a slave
  3281 | D:4      | HP: 7/49 [Pikel/+1 whip of electrocution (17)]
  3283 | D:4      | Mangled by Pikel

Vault maps used:
D:1:      minmay_arrival_plants_in_alcoves
D:2:      okawaru_trees_2, first_ration, fedhas_altar_fruit_tree, uniq_robin
D:3:      nemelex_xobeh_ov_fountains_minmay,
          chequers_temple_overflow_statue_of_worship,
          lemuel_zombie_altar_yredelemnul, grunt_ministairs_7,
          minmay_misc_feat_chi, roderic_serpentine_path
D:4:      zin_academy, grunt_ministairs_9, st_stairs_1, kennysheep_doodads,
          uniq_pikel, uniq_sigmund

Skill      XL: |  1  2  3  4  5 |
---------------+----------------+-----
Fighting       | 3 |  3.5
Axes           | 3 4 |  4.5
Shields        | 4 5 |  5.1
Armour         | |  3.2

Action                   |  1- 3 |  4- 6 || total
-------------------------+-------+-------++-------
Melee: War axe           |    82 |   132 ||   214
       Hand axe          |       |    72 ||    72
 Abil: Heal Wounds       |     1 |     5 ||     6
  Use: Scroll            |       |     4 ||     4
  Eat: Chunk             |       |     8 ||     8
Armor: Scale mail        |    48 |    78 ||   126
Dodge: Dodged            |    22 |    55 ||    77
Block: Shield            |    51 |    90 ||   141

Table legend:
 A = Non-vault XP
 B = Vault XP
 C = Vault XP percentage of total XP
 D = Non-vault monster count
 E = Vault monster count
 F = Vault count percentage of total count
                 A         B        C        D         E       F
            +---------+---------+-------+---------+---------+-------
      Total |     245 |      84 |  25.5 |      65 |      20 |  23.5
            +---------+---------+-------+---------+---------+-------
        D:1 |      26 |       0 |   0.0 |      13 |       0 |   0.0
        D:2 |     116 |      35 |  23.2 |      26 |      12 |  31.6
        D:3 |      82 |       6 |   6.8 |      19 |       4 |  17.4
        D:4 |      21 |      43 |  67.2 |       7 |       4 |  36.4
            +---------+---------+-------+---------+---------+-------

Vault maps used:
D:1:      minmay_arrival_plants_in_alcoves
D:2:      okawaru_trees_2, first_ration, fedhas_altar_fruit_tree, uniq_robin
D:3:      nemelex_xobeh_ov_fountains_minmay,
          chequers_temple_overflow_statue_of_worship,
          lemuel_zombie_altar_yredelemnul, grunt_ministairs_7,
          minmay_misc_feat_chi, roderic_serpentine_path
D:4:      zin_academy, grunt_ministairs_9, st_stairs_1, kennysheep_doodads,
          uniq_pikel, uniq_sigmund

Table legend:
 A = Turns spent in this place as a percentage of turns spent in the entire game.
 B = Non-inter-level travel turns spent in this place as a percentage of non-inter-level travel turns spent in the entire game.
 C = Inter-level travel turns spent in this place as a percentage of turns spent in this place.
 D = Turns resting spent in this place as a percentage of non-inter-level travel turns spent in this place.
 E = Turns spent auto-exploring this place as a percentage of non-inter-level travel turns spent in this place.
 F = Non-inter-level travel turns spent in this place divided by the number of levels of this place that you've seen.
                   A       B       C       D       E      F
               +-------+-------+-------+-------+-------+----------------------
         Total | 100.0 | 100.0 |   4.3 |  25.6 |  54.7 | 785.2
       Dungeon | 100.0 | 100.0 |   4.3 |  25.6 |  54.7 | 785.2
               +-------+-------+-------+-------+-------+----------------------

Table legend:
 A = Kills in this place as a percentage of kills in entire the game.
 B = Kills by you in this place as a percentage of kills by you in the entire game.
 C = Kills by friends in this place as a percentage of kills by friends in the entire game.
 D = Other kills in this place as a percentage of other kills in the entire game.
 E = Experience gained in this place as a percentage of experience gained in the entire game.
 F = Experience gained in this place divided by the number of levels of this place that you have seen.
                   A       B       C       D       E      F
               +-------+-------+-------+-------+-------+----------------------
         Total | 100.0 | 100.0 |   N/A |   N/A | 100.0 |  82.2
       Dungeon | 100.0 | 100.0 |   N/A |   N/A | 100.0 |  82.2
               +-------+-------+-------+-------+-------+----------------------
